[ PARTIDA AOE2 · #471780159 ]
UnrankedGodos vs Britons
[ ANÁLISIS DE REPETICIÓN · EXTRAÍDO DE LA PARTIDA GRABADA ]
Feudal
7:36
Castillos
14:53
Imperial
33:18
| APM promedio | 16.4 |
| APM pico | 35 |
| eAPM promedio | 11.7 |
| Aldeanos / militares | 94 / 511 |
Foco
⚔️ 43.8% · 🌾 56.2%
Spearman ×352 · Huskarl ×123 · Militia ×21 · Bombard Cannon ×15 · Trade Cart ×6
Feudal
6:48
Castillos
10:47
Imperial
28:58
| APM promedio | 27.5 |
| APM pico | 59 |
| eAPM promedio | 13.6 |
| Aldeanos / militares | 142 / 119 |
Foco
⚔️ 27.7% · 🌾 72.3%
Spearman ×79 · Arambai ×26 · Bombard Cannon ×13 · Trebuchet (Packed) ×1
Feudal
7:41
Castillos
12:57
Imperial
28:54
| APM promedio | 19.9 |
| APM pico | 55 |
| eAPM promedio | 17.1 |
| Aldeanos / militares | 89 / 243 |
Foco
⚔️ 35.9% · 🌾 64.1%
Hand Cannoneer ×95 · Knight ×62 · Skirmisher ×56 · Trade Cart ×21 · Monk ×16 · Scout Cavalry ×14
Feudal
8:52
Castillos
16:45
Imperial
27:36
| APM promedio | 17.5 |
| APM pico | 46 |
| eAPM promedio | 12.3 |
| Aldeanos / militares | 137 / 463 |
Foco
⚔️ 33.5% · 🌾 66.5%
Spearman ×285 · Kamayuk ×166 · Trade Cart ×16 · Petard ×11 · Monk ×1
Feudal
8:03
Castillos
12:33
Imperial
29:10
| APM promedio | 17.0 |
| APM pico | 72 |
| eAPM promedio | 11.5 |
| Aldeanos / militares | 115 / 531 |
Foco
⚔️ 37.2% · 🌾 62.8%
Militia ×218 · Spearman ×205 · Skirmisher ×48 · Longbowman ×29 · Archer ×28 · Trade Cart ×10
Feudal
6:02
Castillos
10:59
Imperial
27:48
| APM promedio | 16.6 |
| APM pico | 97 |
| eAPM promedio | 14.5 |
| Aldeanos / militares | 151 / 158 |
Foco
⚔️ 32.5% · 🌾 67.5%
War Elephant ×154 · Trade Cart ×19 · Mangonel ×3 · Monk ×1
Feudal
6:53
Castillos
10:49
Imperial
27:42
| APM promedio | 24.0 |
| APM pico | 53 |
| eAPM promedio | 19.2 |
| Aldeanos / militares | 168 / 446 |
Foco
⚔️ 40.1% · 🌾 59.9%
Scout Cavalry ×289 · Scorpion ×148 · Trade Cart ×30 · Trebuchet (Packed) ×9
Feudal
7:37
Castillos
11:47
Imperial
31:10
| APM promedio | 39.1 |
| APM pico | 63 |
| eAPM promedio | 22.1 |
| Aldeanos / militares | 182 / 438 |
Foco
⚔️ 29.7% · 🌾 70.3%
Militia ×220 · Spearman ×95 · Samurai ×58 · Scorpion ×49 · Trade Cart ×23 · Petard ×5
Mapa de la partida
Recursos iniciales + cada clic de construcción. Líneas = muros · curvas = relieve. ◆ oro · ⬟ piedra · ● bayas · ✦ reliquia · ◌ hueco del cierre
Tu base· ✓ Cerrada en 14:53 · 0t muro · sin puerta
Base de Rye Dawg· ✓ Cerrada en 10:47 · 20t muro · sin puerta
Base de Fahrender Ritter· ✓ Cerrada en 12:57 · 23t muro · sin puerta
Base de challenger2229· ✓ Cerrada en 16:45 · 9t muro · sin puerta
Base de Nick Z· Abierta — el rival se encerró
Base de Red Alenke· Abierta — el rival se encerró
Base de 賀翔· Abierta — el rival se encerró
Base de im28102659· Abierta — el rival se encerró
Terreno inicial suavizado · ◌ = hueco del cierre detectado · pasá el cursor para detalles
Inputs por minuto
— blueblur22 - - Rye Dawg
Build order — blueblur22
Primeras 150 de 352 acciones detectadas
| 0:01 | Crear | Villager (Male) ×5 |
| 0:01 | Crear | Villager (Male) ×5 |
| 1:02 | Construir | Lumber Camp |
| 1:08 | Construir | Mining Camp |
| 2:05 | Construir | Mill |
| 3:19 | Investigar | Loom |
| 4:37 | Crear | Villager (Male) |
| 5:26 | Investigar | Feudal Age |
| 6:16 | Crear | Villager (Male) |
| 7:36 | Edad | Edad Feudal |
| 7:46 | Crear | Villager (Male) |
| 7:47 | Investigar | Double-Bit Axe |
| 8:22 | Crear | Villager (Male) |
| 8:35 | Construir | House |
| 8:59 | Construir | House |
| 9:12 | Construir | Market |
| 9:12 | Crear | Villager (Male) |
| 9:41 | Construir | Blacksmith |
| 9:44 | Construir | Mining Camp |
| 10:07 | Investigar | Wheelbarrow |
| 11:24 | Crear | Villager (Male) |
| 11:51 | Construir | House |
| 11:53 | Construir | House |
| 12:13 | Investigar | Castle Age |
| 14:23 | Crear | Villager (Male) |
| 14:53 | Edad | Edad de los Castillos |
| 15:01 | Construir | Town Center |
| 15:21 | Construir | Town Center |
| 15:29 | Crear | Villager (Male) |
| 15:33 | Investigar | Bow Saw |
| 15:34 | Investigar | Horse Collar |
| 15:56 | Construir | Town Center |
| 16:07 | Construir | Farm |
| 16:08 | Construir | Farm |
| 16:31 | Construir | Farm |
| 16:32 | Construir | Farm |
| 16:50 | Investigar | Heavy Plow |
| 17:07 | Crear | Villager (Male) |
| 17:25 | Crear | Villager (Male) |
| 17:42 | Construir | Farm |
| 17:59 | Crear | Villager (Male) |
| 18:03 | Construir | Farm |
| 18:15 | Construir | Farm |
| 18:17 | Crear | Villager (Male) |
| 18:17 | Crear | Villager (Male) |
| 18:34 | Crear | Villager (Male) |
| 18:54 | Construir | Town Center |
| 19:01 | Crear | Villager (Male) |
| 19:02 | Crear | Villager (Male) |
| 19:02 | Crear | Villager (Male) |
| 19:06 | Construir | Farm |
| 19:14 | Crear | Villager (Male) |
| 19:14 | Crear | Villager (Male) |
| 19:15 | Crear | Villager (Male) |
| 19:20 | Construir | Farm |
| 19:31 | Investigar | Caravan |
| 19:32 | Crear | Trade Cart |
| 19:56 | Construir | Farm |
| 19:58 | Crear | Villager (Male) ×5 |
| 20:16 | Crear | Villager (Male) ×2 |
| 20:25 | Construir | Farm |
| 20:26 | Construir | Farm |
| 20:26 | Construir | Farm |
| 20:28 | Construir | Farm |
| 20:33 | Construir | Farm |
| 20:34 | Construir | Farm |
| 20:36 | Construir | Farm |
| 20:39 | Crear | Villager (Male) ×2 |
| 21:07 | Construir | Farm |
| 21:09 | Construir | Farm |
| 21:29 | Construir | Barracks |
| 21:31 | Construir | Barracks |
| 21:33 | Construir | Barracks |
| 21:33 | Construir | Barracks |
| 21:33 | Construir | Barracks |
| 21:34 | Construir | Barracks |
| 21:34 | Construir | Barracks |
| 21:34 | Construir | Barracks |
| 21:35 | Construir | Barracks |
| 21:35 | Construir | Barracks |
| 21:36 | Construir | Barracks |
| 21:36 | Crear | Villager (Male) ×5 |
| 21:57 | Construir | Barracks |
| 21:58 | Construir | Barracks |
| 22:00 | Construir | Barracks |
| 22:00 | Crear | Villager (Male) ×5 |
| 22:05 | Construir | Farm |
| 22:40 | Construir | House |
| 22:42 | Construir | House |
| 22:45 | Construir | House |
| 22:46 | Construir | House |
| 22:47 | Construir | House |
| 22:48 | Construir | House |
| 23:03 | Investigar | Hand Cart |
| 23:06 | Investigar | Town Watch |
| 23:12 | Crear | Trade Cart |
| 23:13 | Crear | Trade Cart |
| 23:28 | Construir | University |
| 23:30 | Construir | House |
| 23:33 | Construir | House |
| 23:34 | Construir | House |
| 23:37 | Construir | House |
| 23:40 | Construir | House |
| 23:41 | Construir | House |
| 23:42 | Construir | House |
| 23:43 | Construir | House |
| 23:45 | Crear | Villager (Male) ×5 |
| 23:49 | Investigar | Anarchy |
| 23:59 | Investigar | Gold Mining |
| 24:21 | Construir | Farm |
| 24:21 | Construir | Farm |
| 24:22 | Construir | Farm |
| 24:22 | Construir | Farm |
| 24:24 | Construir | Farm |
| 24:49 | Construir | Farm |
| 24:50 | Construir | Farm |
| 24:50 | Construir | Farm |
| 24:55 | Crear | Villager (Male) ×5 |
| 25:02 | Construir | Lumber Camp |
| 25:10 | Construir | Farm |
| 25:11 | Construir | Farm |
| 25:11 | Construir | Farm |
| 25:11 | Construir | Farm |
| 25:13 | Construir | Farm |
| 25:13 | Construir | Farm |
| 25:24 | Construir | Farm |
| 25:25 | Crear | Villager (Male) ×5 |
| 25:28 | Crear | Villager (Male) |
| 25:29 | Crear | Villager (Male) |
| 25:33 | Investigar | Scale Mail Armor |
| 26:00 | Construir | Siege Workshop |
| 26:02 | Construir | Siege Workshop |
| 26:17 | Construir | Barracks |
| 26:18 | Crear | Villager (Male) ×5 |
| 26:24 | Crear | Huskarl ×5 |
| 26:31 | Construir | House |
| 26:32 | Construir | House |
| 26:33 | Construir | House |
| 26:36 | Construir | House |
| 26:37 | Construir | House |
| 26:38 | Construir | House |
| 26:45 | Investigar | Forging |
| 26:47 | Crear | Villager (Male) ×3 |
| 27:02 | Construir | Farm |
| 27:02 | Construir | Farm |
| 27:03 | Construir | Farm |
| 27:03 | Construir | Farm |
| 27:04 | Construir | Farm |
| 27:05 | Construir | Farm |
| 27:24 | Construir | Farm |
Build order — Rye Dawg
Primeras 150 de 408 acciones detectadas
| 0:02 | Crear | Villager (Male) ×5 |
| 0:02 | Crear | Villager (Male) ×5 |
| 0:03 | Crear | Villager (Male) ×5 |
| 0:12 | Construir | Mill |
| 0:23 | Construir | Mining Camp |
| 1:12 | Construir | House |
| 1:14 | Construir | House |
| 1:15 | Construir | House |
| 1:16 | Construir | House |
| 1:35 | Construir | Palisade Wall |
| 1:38 | Construir | Palisade Wall |
| 2:44 | Crear | Villager (Male) |
| 4:38 | Investigar | Feudal Age |
| 5:51 | Construir | Lumber Camp |
| 5:59 | Crear | Villager (Male) |
| 5:59 | Crear | Villager (Male) |
| 6:48 | Edad | Edad Feudal |
| 7:08 | Construir | Market |
| 7:12 | Construir | Blacksmith |
| 8:07 | Investigar | Castle Age |
| 8:23 | Construir | Stone Wall |
| 9:06 | Investigar | Horse Collar |
| 9:08 | Investigar | Gold Mining |
| 9:50 | Crear | Villager (Male) |
| 10:46 | Construir | Stone Wall |
| 10:47 | Edad | Edad de los Castillos |
| 10:47 | Construir | Stone Wall |
| 10:52 | Construir | Stone Wall |
| 10:56 | Crear | Villager (Male) |
| 11:02 | Construir | Town Center |
| 11:44 | Construir | Farm |
| 11:47 | Construir | Farm |
| 11:50 | Construir | Farm |
| 11:56 | Crear | Villager (Male) |
| 12:08 | Crear | Villager (Male) |
| 12:20 | Crear | Villager (Male) |
| 12:21 | Crear | Villager (Male) |
| 12:40 | Crear | Villager (Male) |
| 12:49 | Construir | Outpost |
| 12:54 | Construir | Farm |
| 13:00 | Construir | Mill |
| 13:05 | Crear | Villager (Male) |
| 13:32 | Investigar | Wheelbarrow |
| 14:15 | Crear | Villager (Male) |
| 14:18 | Construir | Farm |
| 14:23 | Construir | Farm |
| 14:28 | Construir | Farm |
| 14:36 | Construir | Farm |
| 14:37 | Crear | Villager (Male) |
| 14:50 | Construir | Farm |
| 14:55 | Construir | Farm |
| 15:17 | Crear | Villager (Male) |
| 15:18 | Crear | Villager (Male) |
| 15:25 | Construir | Farm |
| 15:38 | Construir | Farm |
| 15:45 | Construir | Town Center |
| 15:50 | Crear | Villager (Male) |
| 15:50 | Crear | Villager (Male) |
| 16:10 | Construir | Town Center |
| 16:14 | Crear | Villager (Male) |
| 16:14 | Crear | Villager (Male) |
| 16:15 | Crear | Villager (Male) |
| 16:38 | Construir | Town Center |
| 16:41 | Crear | Villager (Male) |
| 16:42 | Crear | Villager (Male) |
| 16:42 | Crear | Villager (Male) |
| 16:43 | Crear | Villager (Male) |
| 16:50 | Construir | Farm |
| 16:51 | Construir | Farm |
| 16:56 | Construir | Farm |
| 17:01 | Construir | Farm |
| 17:19 | Crear | Arambai |
| 17:43 | Construir | Stone Wall |
| 17:47 | Crear | Villager (Male) |
| 17:47 | Crear | Villager (Male) |
| 17:48 | Crear | Villager (Male) |
| 17:48 | Crear | Villager (Male) |
| 17:49 | Crear | Arambai |
| 18:00 | Crear | Villager (Male) |
| 18:02 | Crear | Villager (Male) |
| 18:18 | Crear | Arambai |
| 18:58 | Crear | Arambai |
| 19:05 | Construir | Stone Wall |
| 19:20 | Construir | Stone Wall |
| 19:46 | Crear | Villager (Male) |
| 19:46 | Crear | Villager (Male) |
| 19:46 | Crear | Villager (Male) |
| 19:49 | Construir | House |
| 19:57 | Construir | House |
| 19:58 | Construir | House |
| 20:00 | Construir | House |
| 20:01 | Construir | House |
| 20:02 | Construir | House |
| 20:03 | Construir | House |
| 20:18 | Crear | Arambai |
| 20:30 | Construir | House |
| 20:31 | Construir | House |
| 20:32 | Construir | House |
| 20:33 | Construir | House |
| 21:16 | Crear | Villager (Male) |
| 21:17 | Crear | Villager (Male) |
| 21:17 | Crear | Villager (Male) |
| 21:18 | Crear | Villager (Male) |
| 21:24 | Crear | Villager (Male) |
| 21:24 | Crear | Villager (Male) |
| 21:25 | Crear | Villager (Male) |
| 21:25 | Crear | Villager (Male) |
| 21:37 | Crear | Villager (Male) |
| 21:37 | Crear | Villager (Male) |
| 21:38 | Crear | Villager (Male) |
| 21:38 | Crear | Villager (Male) |
| 21:49 | Construir | Town Center |
| 21:58 | Crear | Villager (Male) |
| 21:59 | Crear | Villager (Male) |
| 21:59 | Crear | Villager (Male) |
| 22:00 | Crear | Villager (Male) |
| 22:18 | Crear | Villager (Male) |
| 22:19 | Crear | Villager (Male) |
| 22:19 | Crear | Villager (Male) |
| 22:20 | Crear | Villager (Male) |
| 22:32 | Crear | Villager (Male) |
| 22:32 | Crear | Villager (Male) |
| 22:33 | Crear | Villager (Male) |
| 22:33 | Crear | Villager (Male) |
| 22:41 | Construir | Farm |
| 22:46 | Construir | Farm |
| 22:49 | Construir | Farm |
| 22:53 | Construir | Farm |
| 22:58 | Construir | Farm |
| 23:13 | Construir | Stone Wall |
| 23:16 | Crear | Villager (Male) |
| 23:17 | Crear | Villager (Male) |
| 23:17 | Crear | Villager (Male) |
| 23:18 | Crear | Villager (Male) |
| 23:25 | Construir | Farm |
| 23:29 | Construir | Farm |
| 23:55 | Crear | Villager (Male) |
| 23:55 | Crear | Villager (Male) |
| 23:56 | Crear | Villager (Male) |
| 23:56 | Crear | Villager (Male) |
| 23:57 | Crear | Villager (Male) |
| 23:57 | Crear | Villager (Male) |
| 24:23 | Construir | Stone Wall |
| 24:24 | Crear | Villager (Male) |
| 24:24 | Crear | Villager (Male) |
| 24:25 | Crear | Villager (Male) |
| 24:25 | Crear | Villager (Male) |
| 24:26 | Crear | Villager (Male) |
| 24:26 | Crear | Villager (Male) |
| 24:31 | Construir | Farm |
Build order — Fahrender Ritter
Primeras 150 de 547 acciones detectadas
| 0:06 | Construir | House |
| 0:08 | Construir | House |
| 0:56 | Crear | Villager (Male) |
| 0:57 | Crear | Villager (Male) |
| 0:57 | Crear | Villager (Male) |
| 0:57 | Crear | Villager (Male) |
| 1:21 | Construir | Palisade Wall |
| 1:34 | Construir | Palisade Wall |
| 1:36 | Construir | Palisade Wall |
| 2:06 | Construir | Lumber Camp |
| 2:08 | Crear | Villager (Male) |
| 2:09 | Crear | Villager (Male) |
| 2:09 | Crear | Villager (Male) |
| 2:33 | Construir | Mining Camp |
| 2:45 | Construir | Mill |
| 2:47 | Crear | Villager (Male) |
| 2:48 | Crear | Villager (Male) |
| 3:12 | Crear | Villager (Male) |
| 3:41 | Crear | Villager (Male) |
| 4:34 | Investigar | Feudal Age |
| 7:41 | Edad | Edad Feudal |
| 7:45 | Construir | Gate |
| 7:50 | Construir | Stone Wall |
| 8:31 | Crear | Villager (Male) |
| 8:31 | Crear | Villager (Male) |
| 8:31 | Crear | Villager (Male) |
| 9:12 | Construir | Market |
| 9:26 | Construir | Blacksmith |
| 9:30 | Construir | House |
| 9:31 | Construir | House |
| 9:54 | Construir | Outpost |
| 9:57 | Construir | Outpost |
| 10:13 | Crear | Villager (Male) |
| 10:17 | Investigar | Castle Age |
| 10:40 | Construir | Farm |
| 10:42 | Construir | Farm |
| 10:43 | Construir | Farm |
| 10:44 | Construir | Farm |
| 10:46 | Construir | Farm |
| 10:47 | Construir | Farm |
| 10:49 | Construir | Farm |
| 10:53 | Investigar | Horse Collar |
| 11:16 | Investigar | Gold Mining |
| 11:25 | Construir | Farm |
| 11:41 | Construir | Lumber Camp |
| 11:53 | Investigar | Double-Bit Axe |
| 12:10 | Crear | Villager (Male) |
| 12:11 | Crear | Villager (Male) |
| 12:57 | Edad | Edad de los Castillos |
| 13:25 | Construir | Monastery |
| 13:37 | Construir | Mining Camp |
| 13:41 | Crear | Villager (Male) |
| 13:50 | Crear | Villager (Male) |
| 14:11 | Crear | Monk |
| 14:11 | Crear | Monk |
| 14:26 | Crear | Villager (Male) |
| 14:29 | Investigar | Heavy Plow |
| 14:32 | Investigar | Bow Saw |
| 14:45 | Crear | Villager (Male) |
| 14:59 | Construir | Town Center |
| 15:21 | Crear | Villager (Male) |
| 16:03 | Crear | Villager (Male) |
| 16:03 | Crear | Villager (Male) |
| 16:30 | Crear | Villager (Male) |
| 16:31 | Crear | Villager (Male) |
| 16:31 | Crear | Villager (Male) |
| 17:06 | Construir | Farm |
| 17:08 | Construir | Farm |
| 17:09 | Construir | Farm |
| 17:10 | Construir | Farm |
| 17:13 | Construir | Farm |
| 17:16 | Construir | Farm |
| 17:20 | Crear | Villager (Male) |
| 17:32 | Crear | Villager (Male) |
| 17:32 | Crear | Villager (Male) |
| 17:57 | Crear | Monk |
| 18:04 | Crear | Villager (Male) |
| 18:18 | Construir | Town Center |
| 18:23 | Construir | Farm |
| 18:24 | Construir | Farm |
| 18:25 | Construir | Farm |
| 18:53 | Construir | Gate |
| 18:57 | Construir | Stone Wall |
| 18:59 | Construir | Stone Wall |
| 19:09 | Investigar | Wheelbarrow |
| 19:41 | Construir | Town Center |
| 20:10 | Crear | Villager (Male) |
| 20:19 | Crear | Villager (Male) |
| 20:20 | Crear | Villager (Male) |
| 20:20 | Crear | Villager (Male) |
| 20:38 | Construir | Gate |
| 20:41 | Construir | Stone Wall |
| 20:56 | Construir | Barracks |
| 21:06 | Construir | House |
| 21:07 | Construir | House |
| 21:12 | Construir | House |
| 21:13 | Construir | House |
| 21:20 | Construir | Farm |
| 21:21 | Construir | Farm |
| 21:23 | Construir | Farm |
| 21:30 | Construir | Farm |
| 21:33 | Crear | Villager (Male) |
| 21:34 | Crear | Villager (Male) |
| 21:34 | Crear | Villager (Male) |
| 21:34 | Crear | Villager (Male) |
| 21:37 | Investigar | Hand Cart |
| 21:40 | Crear | Villager (Male) |
| 21:41 | Crear | Villager (Male) |
| 21:41 | Crear | Villager (Male) |
| 21:43 | Crear | Villager (Male) |
| 22:28 | Construir | Archery Range |
| 22:30 | Construir | Archery Range |
| 22:31 | Construir | Archery Range |
| 22:40 | Construir | Archery Range |
| 22:48 | Construir | Stable |
| 22:53 | Crear | Villager (Male) |
| 22:54 | Crear | Villager (Male) |
| 22:57 | Crear | Villager (Male) |
| 22:57 | Crear | Villager (Male) |
| 22:57 | Crear | Villager (Male) |
| 23:00 | Crear | Villager (Male) |
| 23:01 | Crear | Villager (Male) |
| 23:01 | Crear | Villager (Male) |
| 23:04 | Crear | Villager (Male) |
| 23:05 | Crear | Villager (Male) |
| 23:06 | Crear | Villager (Male) |
| 23:06 | Crear | Villager (Male) |
| 23:06 | Crear | Villager (Male) |
| 23:09 | Crear | Villager (Male) |
| 23:22 | Construir | University |
| 23:27 | Investigar | Fletching |
| 23:27 | Investigar | Padded Archer Armor |
| 23:39 | Construir | Farm |
| 23:40 | Construir | Farm |
| 23:42 | Construir | Farm |
| 23:44 | Construir | Farm |
| 23:47 | Construir | Farm |
| 23:50 | Crear | Villager (Male) |
| 23:52 | Crear | Villager (Male) |
| 23:52 | Crear | Villager (Male) |
| 24:13 | Crear | Monk |
| 24:14 | Crear | Monk |
| 24:14 | Crear | Monk |
| 24:54 | Construir | Farm |
| 24:56 | Crear | Villager (Male) |
| 24:59 | Investigar | Ballistics |
| 25:20 | Construir | Farm |
| 25:22 | Construir | Farm |
| 25:27 | Crear | Villager (Male) |
| 25:35 | Construir | Farm |
Build order — challenger2229
Primeras 150 de 439 acciones detectadas
| 0:01 | Crear | Villager (Male) |
| 0:02 | Crear | Villager (Male) |
| 0:02 | Crear | Villager (Male) |
| 0:02 | Crear | Villager (Male) |
| 0:03 | Crear | Villager (Male) |
| 0:03 | Crear | Villager (Male) |
| 0:03 | Crear | Villager (Male) |
| 0:03 | Crear | Villager (Male) |
| 0:04 | Crear | Villager (Male) |
| 0:13 | Construir | Settlement |
| 0:25 | Crear | Villager (Male) |
| 0:55 | Crear | Villager (Male) |
| 1:44 | Crear | Villager (Male) |
| 1:47 | Crear | Villager (Male) |
| 1:59 | Crear | Villager (Male) |
| 2:13 | Construir | Palisade Wall |
| 2:16 | Crear | Villager (Male) |
| 2:17 | Crear | Villager (Male) |
| 2:17 | Crear | Villager (Male) |
| 2:53 | Crear | Villager (Male) |
| 2:54 | Crear | Villager (Male) |
| 3:48 | Crear | Villager (Male) |
| 4:03 | Construir | House |
| 4:04 | Construir | House |
| 4:05 | Crear | Villager (Male) |
| 4:28 | Construir | Settlement |
| 4:54 | Construir | House |
| 5:35 | Construir | House |
| 5:43 | Crear | Villager (Male) |
| 6:24 | Investigar | Feudal Age |
| 6:52 | Crear | Villager (Male) |
| 6:56 | Crear | Villager (Male) |
| 8:20 | Crear | Villager (Male) |
| 8:39 | Crear | Villager (Male) |
| 8:52 | Edad | Edad Feudal |
| 8:57 | Construir | Blacksmith |
| 9:04 | Construir | Market |
| 9:08 | Crear | Villager (Male) |
| 9:16 | Crear | Villager (Male) |
| 9:26 | Crear | Villager (Male) |
| 9:46 | Crear | Villager (Male) |
| 9:49 | Crear | Villager (Male) |
| 9:54 | Crear | Villager (Male) |
| 10:01 | Investigar | Double-Bit Axe |
| 10:05 | Investigar | Gold Mining |
| 10:15 | Crear | Villager (Male) |
| 11:43 | Construir | Settlement |
| 12:01 | Construir | Farm |
| 12:02 | Construir | Farm |
| 12:11 | Construir | Farm |
| 12:16 | Construir | Farm |
| 13:04 | Construir | Farm |
| 13:07 | Construir | Farm |
| 13:12 | Investigar | Loom |
| 13:40 | Construir | Farm |
| 13:41 | Construir | Farm |
| 13:45 | Construir | Farm |
| 13:49 | Construir | Farm |
| 14:05 | Investigar | Castle Age |
| 14:26 | Investigar | Horse Collar |
| 15:29 | Crear | Villager (Male) |
| 15:55 | Crear | Villager (Male) |
| 16:45 | Edad | Edad de los Castillos |
| 16:47 | Construir | Town Center |
| 16:49 | Crear | Villager (Male) |
| 16:59 | Construir | Town Center |
| 17:00 | Crear | Villager (Male) |
| 17:09 | Crear | Villager (Male) |
| 17:34 | Investigar | Wheelbarrow |
| 17:34 | Crear | Villager (Male) |
| 17:43 | Crear | Kamayuk |
| 17:43 | Crear | Kamayuk |
| 17:57 | Construir | Farm |
| 17:59 | Construir | Farm |
| 18:12 | Crear | Villager (Male) |
| 18:43 | Crear | Kamayuk |
| 18:44 | Crear | Kamayuk |
| 18:57 | Crear | Villager (Male) |
| 18:57 | Crear | Villager (Male) |
| 18:58 | Crear | Villager (Male) |
| 18:58 | Crear | Villager (Male) |
| 18:58 | Crear | Villager (Male) |
| 18:59 | Crear | Villager (Male) |
| 19:03 | Construir | Farm |
| 19:05 | Construir | Farm |
| 19:06 | Construir | Farm |
| 19:39 | Crear | Villager (Male) |
| 19:39 | Crear | Villager (Male) |
| 19:40 | Crear | Villager (Male) |
| 19:40 | Crear | Villager (Male) |
| 19:56 | Construir | Barracks |
| 20:07 | Construir | House |
| 20:08 | Construir | House |
| 20:22 | Crear | Villager (Male) |
| 20:23 | Crear | Villager (Male) |
| 20:23 | Crear | Villager (Male) |
| 20:23 | Crear | Villager (Male) |
| 20:29 | Construir | Farm |
| 20:30 | Construir | Farm |
| 20:32 | Construir | Farm |
| 20:44 | Crear | Villager (Male) |
| 20:44 | Crear | Villager (Male) |
| 20:45 | Crear | Villager (Male) |
| 20:45 | Crear | Villager (Male) |
| 20:55 | Construir | Archery Range |
| 21:21 | Construir | Stone Wall |
| 21:37 | Crear | Villager (Male) |
| 21:37 | Crear | Villager (Male) |
| 21:37 | Crear | Villager (Male) |
| 21:38 | Crear | Villager (Male) |
| 21:38 | Crear | Villager (Male) |
| 21:38 | Crear | Villager (Male) |
| 21:39 | Crear | Villager (Male) |
| 21:39 | Crear | Villager (Male) |
| 21:51 | Construir | Stone Wall |
| 22:08 | Construir | Settlement |
| 22:09 | Crear | Villager (Male) |
| 22:10 | Crear | Villager (Male) |
| 22:10 | Crear | Villager (Male) |
| 22:10 | Crear | Villager (Male) |
| 22:24 | Crear | Villager (Male) |
| 22:25 | Crear | Villager (Male) |
| 22:25 | Crear | Villager (Male) |
| 22:35 | Crear | Villager (Male) |
| 22:36 | Crear | Villager (Male) |
| 22:36 | Crear | Villager (Male) |
| 22:46 | Construir | Farm |
| 22:55 | Construir | Settlement |
| 22:57 | Construir | Farm |
| 22:57 | Construir | Farm |
| 22:58 | Construir | Farm |
| 22:58 | Construir | Farm |
| 22:59 | Construir | Farm |
| 23:00 | Construir | Farm |
| 23:58 | Crear | Villager (Male) |
| 23:59 | Crear | Villager (Male) |
| 23:59 | Crear | Villager (Male) |
| 24:00 | Crear | Villager (Male) |
| 24:03 | Construir | Farm |
| 24:26 | Investigar | Imperial Age |
| 24:27 | Crear | Villager (Male) |
| 24:27 | Crear | Villager (Male) |
| 24:28 | Crear | Villager (Male) |
| 24:32 | Construir | Farm |
| 24:33 | Construir | Farm |
| 24:35 | Construir | Farm |
| 24:37 | Construir | Farm |
| 24:59 | Crear | Villager (Male) |
| 25:00 | Crear | Villager (Male) |
| 25:00 | Crear | Villager (Male) |
Build order — Nick Z
Primeras 150 de 415 acciones detectadas
| 0:03 | Crear | Villager (Male) |
| 0:03 | Crear | Villager (Male) |
| 0:04 | Crear | Villager (Male) |
| 0:04 | Crear | Villager (Male) |
| 0:39 | Construir | Palisade Wall |
| 1:34 | Crear | Villager (Male) |
| 1:35 | Crear | Villager (Male) |
| 1:35 | Crear | Villager (Male) |
| 1:35 | Crear | Villager (Male) |
| 1:36 | Crear | Villager (Male) |
| 1:36 | Crear | Villager (Male) |
| 1:37 | Crear | Villager (Male) |
| 1:37 | Crear | Villager (Male) |
| 1:38 | Crear | Villager (Male) |
| 1:38 | Crear | Villager (Male) |
| 1:59 | Construir | Palisade Wall |
| 2:03 | Crear | Villager (Male) |
| 2:19 | Construir | Lumber Camp |
| 2:28 | Construir | Mill |
| 2:36 | Construir | Mining Camp |
| 3:11 | Construir | Mill |
| 4:31 | Construir | House |
| 4:53 | Investigar | Loom |
| 4:56 | Investigar | Feudal Age |
| 7:04 | Crear | Villager (Male) |
| 7:05 | Crear | Villager (Male) |
| 7:05 | Crear | Villager (Male) |
| 7:26 | Construir | House |
| 8:03 | Edad | Edad Feudal |
| 8:09 | Construir | Market |
| 8:55 | Construir | Blacksmith |
| 9:13 | Crear | Villager (Male) |
| 9:32 | Construir | Stone Wall |
| 9:42 | Construir | Stone Wall |
| 9:46 | Construir | Gate |
| 9:53 | Investigar | Castle Age |
| 10:15 | Investigar | Double-Bit Axe |
| 10:30 | Construir | Mining Camp |
| 10:53 | Crear | Villager (Male) |
| 10:54 | Crear | Villager (Male) |
| 10:55 | Crear | Villager (Male) |
| 11:05 | Investigar | Horse Collar |
| 12:33 | Construir | House |
| 12:33 | Edad | Edad de los Castillos |
| 12:38 | Construir | Town Center |
| 12:44 | Construir | Town Center |
| 12:55 | Construir | Town Center |
| 13:12 | Crear | Villager (Male) |
| 13:16 | Crear | Villager (Male) |
| 13:43 | Construir | House |
| 13:44 | Construir | House |
| 13:46 | Construir | House |
| 13:48 | Construir | House |
| 13:49 | Construir | House |
| 13:50 | Construir | House |
| 13:52 | Crear | Villager (Male) |
| 13:53 | Crear | Villager (Male) |
| 13:54 | Crear | Villager (Male) |
| 13:54 | Crear | Villager (Male) |
| 14:17 | Crear | Villager (Male) |
| 14:18 | Crear | Villager (Male) |
| 14:26 | Construir | Farm |
| 14:29 | Construir | Farm |
| 14:39 | Crear | Villager (Male) |
| 14:49 | Construir | Farm |
| 15:16 | Crear | Villager (Male) |
| 15:26 | Construir | Farm |
| 15:28 | Construir | Farm |
| 15:38 | Construir | Farm |
| 15:40 | Construir | Farm |
| 15:41 | Construir | Farm |
| 15:49 | Construir | Farm |
| 15:52 | Construir | Farm |
| 16:00 | Construir | Farm |
| 16:02 | Crear | Villager (Male) |
| 16:17 | Crear | Villager (Male) |
| 16:27 | Construir | Farm |
| 16:29 | Construir | Farm |
| 16:35 | Construir | Farm |
| 16:41 | Crear | Villager (Male) |
| 16:44 | Construir | Farm |
| 16:49 | Crear | Villager (Male) |
| 16:56 | Crear | Villager (Male) |
| 16:56 | Crear | Villager (Male) |
| 16:57 | Crear | Villager (Male) |
| 16:57 | Crear | Villager (Male) |
| 17:11 | Construir | Castle |
| 17:18 | Crear | Villager (Male) |
| 17:18 | Crear | Villager (Male) |
| 17:27 | Crear | Villager (Male) |
| 17:34 | Construir | House |
| 17:35 | Construir | House |
| 17:37 | Construir | House |
| 17:39 | Crear | Villager (Male) |
| 17:46 | Construir | Farm |
| 17:49 | Construir | Farm |
| 17:52 | Crear | Villager (Male) |
| 17:58 | Construir | Farm |
| 18:02 | Crear | Villager (Male) |
| 18:05 | Construir | Farm |
| 18:09 | Crear | Villager (Male) |
| 18:15 | Construir | Farm |
| 18:19 | Construir | Farm |
| 18:22 | Crear | Villager (Male) |
| 18:22 | Crear | Villager (Male) |
| 18:39 | Crear | Villager (Male) |
| 18:41 | Crear | Villager (Male) |
| 18:56 | Construir | Monastery |
| 19:00 | Crear | Villager (Male) |
| 19:00 | Crear | Villager (Male) |
| 19:03 | Crear | Villager (Male) |
| 19:21 | Construir | Town Center |
| 19:24 | Crear | Villager (Male) |
| 19:24 | Crear | Villager (Male) |
| 19:30 | Construir | Farm |
| 19:34 | Construir | Farm |
| 19:37 | Construir | Farm |
| 19:40 | Construir | Farm |
| 19:42 | Crear | Villager (Male) |
| 19:47 | Crear | Villager (Male) |
| 19:47 | Crear | Villager (Male) |
| 19:48 | Crear | Villager (Male) |
| 19:51 | Crear | Monk |
| 19:58 | Crear | Villager (Male) |
| 20:00 | Crear | Villager (Male) |
| 20:06 | Construir | House |
| 20:09 | Construir | House |
| 20:11 | Construir | House |
| 20:13 | Crear | Villager (Male) |
| 20:15 | Crear | Villager (Male) |
| 20:31 | Crear | Villager (Male) |
| 20:32 | Crear | Villager (Male) |
| 20:33 | Crear | Villager (Male) |
| 20:38 | Crear | Villager (Male) |
| 20:54 | Construir | Town Center |
| 20:57 | Crear | Villager (Male) |
| 20:57 | Crear | Villager (Male) |
| 20:57 | Crear | Villager (Male) |
| 20:58 | Crear | Villager (Male) |
| 21:06 | Construir | Farm |
| 21:09 | Crear | Villager (Male) |
| 21:13 | Construir | Farm |
| 21:21 | Construir | Farm |
| 21:23 | Construir | Farm |
| 21:31 | Crear | Villager (Male) |
| 21:31 | Crear | Villager (Male) |
| 21:32 | Crear | Villager (Male) |
| 21:32 | Crear | Villager (Male) |
| 21:32 | Crear | Villager (Male) |
| 21:39 | Construir | House |
Build order — Red Alenke
Primeras 150 de 546 acciones detectadas
| 0:09 | Crear | Villager (Male) |
| 0:10 | Crear | Villager (Male) |
| 0:11 | Crear | Villager (Male) |
| 0:21 | Construir | House |
| 1:04 | Construir | Lumber Camp |
| 1:06 | Crear | Villager (Male) |
| 1:07 | Crear | Villager (Male) |
| 1:13 | Construir | Mill |
| 1:24 | Crear | Villager (Male) |
| 1:30 | Crear | Villager (Male) |
| 1:31 | Crear | Villager (Male) |
| 1:32 | Crear | Villager (Male) |
| 3:12 | Construir | Mining Camp |
| 3:58 | Investigar | Feudal Age |
| 6:02 | Edad | Edad Feudal |
| 6:07 | Crear | Villager (Male) |
| 6:26 | Construir | Market |
| 6:34 | Crear | Villager (Male) |
| 7:03 | Crear | Villager (Male) |
| 7:26 | Crear | Villager (Male) |
| 7:43 | Construir | Blacksmith |
| 7:46 | Crear | Villager (Male) |
| 8:33 | Investigar | Castle Age |
| 8:33 | Investigar | Castle Age |
| 8:40 | Construir | House |
| 8:43 | Construir | House |
| 9:23 | Investigar | Double-Bit Axe |
| 9:23 | Investigar | Double-Bit Axe |
| 10:08 | Construir | House |
| 10:17 | Investigar | Horse Collar |
| 10:17 | Investigar | Horse Collar |
| 10:34 | Investigar | Gold Mining |
| 10:59 | Edad | Edad de los Castillos |
| 11:02 | Crear | Villager (Male) |
| 11:03 | Crear | Villager (Male) |
| 11:08 | Construir | Town Center |
| 11:12 | Crear | Villager (Male) |
| 11:48 | Crear | Villager (Male) |
| 12:00 | Investigar | Heavy Plow |
| 12:01 | Investigar | Heavy Plow |
| 12:18 | Construir | Town Center |
| 12:26 | Construir | Farm |
| 12:28 | Construir | Farm |
| 12:34 | Construir | Farm |
| 12:49 | Crear | Villager (Male) |
| 12:53 | Investigar | Loom |
| 12:54 | Investigar | Loom |
| 13:07 | Construir | Farm |
| 13:07 | Construir | Farm |
| 13:34 | Crear | Villager (Male) |
| 13:35 | Crear | Villager (Male) |
| 13:48 | Construir | Farm |
| 13:56 | Crear | Villager (Male) |
| 13:57 | Crear | Villager (Male) |
| 14:21 | Construir | Farm |
| 14:24 | Crear | Villager (Male) |
| 14:25 | Crear | Villager (Male) |
| 14:40 | Crear | Villager (Male) |
| 14:48 | Construir | Farm |
| 14:51 | Construir | Farm |
| 15:06 | Crear | Villager (Male) |
| 15:06 | Crear | Villager (Male) |
| 15:09 | Crear | Villager (Male) |
| 15:21 | Construir | Town Center |
| 15:37 | Crear | Villager (Male) |
| 15:39 | Crear | Villager (Male) |
| 15:47 | Crear | Villager (Male) |
| 16:02 | Construir | Farm |
| 16:13 | Construir | Farm |
| 16:18 | Crear | Villager (Male) |
| 16:20 | Crear | Villager (Male) |
| 16:20 | Crear | Villager (Male) |
| 16:28 | Construir | House |
| 16:30 | Construir | House |
| 16:33 | Construir | House |
| 16:40 | Crear | Villager (Male) |
| 16:57 | Construir | Lumber Camp |
| 17:08 | Construir | Farm |
| 17:10 | Construir | Farm |
| 17:12 | Construir | Farm |
| 17:19 | Crear | Villager (Male) |
| 17:21 | Crear | Villager (Male) |
| 17:24 | Crear | Villager (Male) |
| 17:28 | Construir | Farm |
| 17:34 | Crear | Villager (Male) |
| 17:58 | Construir | Monastery |
| 18:08 | Crear | Villager (Male) |
| 18:09 | Crear | Villager (Male) |
| 18:20 | Construir | Farm |
| 18:32 | Crear | Villager (Male) |
| 18:32 | Crear | Villager (Male) |
| 18:32 | Crear | Villager (Male) |
| 18:32 | Crear | Villager (Male) |
| 18:33 | Crear | Villager (Male) |
| 18:34 | Crear | Villager (Male) |
| 18:35 | Crear | Villager (Male) |
| 18:36 | Crear | Villager (Male) |
| 18:44 | Construir | Farm |
| 18:48 | Construir | Farm |
| 18:51 | Construir | Farm |
| 19:00 | Crear | Monk |
| 19:16 | Crear | Villager (Male) |
| 19:17 | Crear | Villager (Male) |
| 19:25 | Construir | House |
| 19:27 | Construir | House |
| 19:29 | Crear | Villager (Male) |
| 19:31 | Crear | Villager (Male) |
| 19:35 | Crear | Villager (Male) |
| 19:36 | Crear | Villager (Male) |
| 19:48 | Construir | Farm |
| 19:51 | Construir | Farm |
| 19:54 | Crear | Villager (Male) |
| 19:56 | Crear | Villager (Male) |
| 19:57 | Crear | Villager (Male) |
| 20:09 | Construir | Town Center |
| 20:17 | Crear | Villager (Male) |
| 20:19 | Crear | Villager (Male) |
| 20:28 | Construir | Farm |
| 20:30 | Construir | Farm |
| 20:31 | Construir | Farm |
| 20:36 | Crear | Villager (Male) |
| 20:37 | Crear | Villager (Male) |
| 20:42 | Construir | Farm |
| 20:50 | Construir | House |
| 20:52 | Construir | House |
| 20:54 | Crear | Villager (Male) |
| 21:08 | Crear | Villager (Male) |
| 21:10 | Crear | Villager (Male) |
| 21:11 | Crear | Villager (Male) |
| 21:12 | Crear | Villager (Male) |
| 21:13 | Crear | Villager (Male) |
| 21:20 | Construir | Castle |
| 21:25 | Construir | Farm |
| 21:27 | Construir | Farm |
| 21:30 | Construir | Farm |
| 21:34 | Construir | Farm |
| 21:35 | Construir | Farm |
| 21:37 | Construir | Farm |
| 21:42 | Construir | Farm |
| 21:43 | Construir | Farm |
| 21:51 | Crear | Villager (Male) |
| 21:52 | Crear | Villager (Male) |
| 21:53 | Crear | Villager (Male) |
| 21:59 | Construir | House |
| 22:02 | Crear | Villager (Male) |
| 22:03 | Crear | Villager (Male) |
| 22:07 | Construir | Farm |
| 22:09 | Construir | Farm |
| 22:15 | Construir | Farm |
| 22:16 | Construir | Farm |
Build order — 賀翔
Primeras 150 de 573 acciones detectadas
| 0:08 | Crear | Villager (Male) |
| 0:09 | Crear | Villager (Male) |
| 0:09 | Crear | Villager (Male) |
| 0:09 | Crear | Villager (Male) |
| 0:09 | Crear | Villager (Male) |
| 0:10 | Crear | Villager (Male) |
| 0:14 | Crear | Villager (Male) |
| 0:14 | Crear | Villager (Male) |
| 0:15 | Crear | Villager (Male) |
| 0:20 | Construir | Mill |
| 1:14 | Construir | Mill |
| 2:05 | Crear | Villager (Male) |
| 2:05 | Crear | Villager (Male) |
| 2:38 | Crear | Villager (Male) |
| 2:38 | Crear | Villager (Male) |
| 3:25 | Crear | Villager (Male) |
| 3:26 | Crear | Villager (Male) |
| 3:26 | Crear | Villager (Male) |
| 4:18 | Construir | Mining Camp |
| 4:32 | Investigar | Feudal Age |
| 4:33 | Investigar | Feudal Age |
| 5:54 | Investigar | Loom |
| 6:53 | Edad | Edad Feudal |
| 6:57 | Crear | Villager (Male) |
| 6:58 | Crear | Villager (Male) |
| 6:59 | Crear | Villager (Male) |
| 7:58 | Investigar | Castle Age |
| 7:58 | Investigar | Castle Age |
| 8:27 | Crear | Villager (Male) |
| 8:27 | Crear | Villager (Male) |
| 8:53 | Construir | Lumber Camp |
| 9:00 | Investigar | Horse Collar |
| 9:00 | Investigar | Horse Collar |
| 10:12 | Investigar | Double-Bit Axe |
| 10:12 | Investigar | Double-Bit Axe |
| 10:49 | Edad | Edad de los Castillos |
| 10:58 | Crear | Villager (Male) |
| 10:58 | Crear | Villager (Male) |
| 10:58 | Crear | Villager (Male) |
| 10:58 | Crear | Villager (Male) |
| 11:14 | Investigar | Bow Saw |
| 11:22 | Investigar | Heavy Plow |
| 11:22 | Investigar | Heavy Plow |
| 12:24 | Construir | Mining Camp |
| 12:34 | Construir | Town Center |
| 12:55 | Crear | Villager (Male) |
| 12:55 | Crear | Villager (Male) |
| 12:55 | Crear | Villager (Male) |
| 12:55 | Crear | Villager (Male) |
| 13:03 | Construir | House |
| 13:13 | Construir | House |
| 13:26 | Crear | Villager (Male) |
| 13:26 | Crear | Villager (Male) |
| 13:50 | Construir | Farm |
| 13:56 | Construir | Farm |
| 13:59 | Construir | Farm |
| 14:00 | Construir | Farm |
| 14:05 | Construir | Farm |
| 14:06 | Construir | Farm |
| 14:08 | Construir | Farm |
| 14:09 | Construir | Farm |
| 14:17 | Construir | Farm |
| 14:23 | Construir | Farm |
| 14:27 | Construir | Farm |
| 14:37 | Crear | Villager (Male) |
| 14:38 | Crear | Villager (Male) |
| 14:52 | Crear | Villager (Male) |
| 15:04 | Investigar | Wheelbarrow |
| 15:04 | Investigar | Wheelbarrow |
| 15:11 | Crear | Villager (Male) |
| 15:22 | Construir | Town Center |
| 15:26 | Crear | Villager (Male) |
| 15:33 | Investigar | Wheelbarrow |
| 15:40 | Crear | Villager (Male) |
| 16:00 | Construir | House |
| 16:02 | Construir | House |
| 16:03 | Construir | House |
| 16:14 | Construir | House |
| 16:22 | Crear | Villager (Male) |
| 16:26 | Crear | Villager (Male) |
| 16:31 | Crear | Villager (Male) |
| 16:31 | Crear | Villager (Male) |
| 16:36 | Crear | Villager (Male) |
| 16:36 | Crear | Villager (Male) |
| 16:45 | Construir | Lumber Camp |
| 16:50 | Crear | Villager (Male) |
| 16:51 | Crear | Villager (Male) |
| 16:52 | Crear | Villager (Male) |
| 16:52 | Crear | Villager (Male) |
| 16:53 | Crear | Villager (Male) |
| 17:10 | Construir | Town Center |
| 17:15 | Crear | Villager (Male) |
| 17:19 | Crear | Villager (Male) |
| 17:19 | Crear | Villager (Male) |
| 17:27 | Crear | Villager (Male) |
| 17:33 | Crear | Villager (Male) |
| 17:42 | Construir | Farm |
| 17:53 | Crear | Villager (Male) |
| 18:07 | Crear | Villager (Male) |
| 18:16 | Crear | Villager (Male) |
| 18:17 | Crear | Villager (Male) |
| 18:39 | Crear | Villager (Male) |
| 18:44 | Crear | Villager (Male) |
| 18:45 | Crear | Villager (Male) |
| 18:50 | Construir | Town Center |
| 18:57 | Crear | Villager (Male) |
| 18:58 | Crear | Villager (Male) |
| 19:06 | Construir | Farm |
| 19:06 | Construir | Farm |
| 19:07 | Construir | Farm |
| 19:07 | Construir | Farm |
| 19:07 | Construir | Farm |
| 19:08 | Construir | Farm |
| 19:08 | Construir | Farm |
| 19:08 | Construir | Farm |
| 19:09 | Construir | Farm |
| 19:09 | Construir | Farm |
| 19:24 | Construir | Farm |
| 19:24 | Construir | Farm |
| 19:25 | Construir | Farm |
| 19:27 | Construir | Farm |
| 19:28 | Construir | Farm |
| 19:29 | Construir | Farm |
| 19:30 | Construir | Farm |
| 19:37 | Construir | Farm |
| 19:42 | Crear | Villager (Male) |
| 19:42 | Crear | Villager (Male) |
| 19:43 | Crear | Villager (Male) |
| 19:43 | Crear | Villager (Male) |
| 19:44 | Crear | Villager (Male) |
| 19:44 | Crear | Villager (Male) |
| 19:44 | Crear | Villager (Male) |
| 19:52 | Crear | Villager (Male) |
| 19:52 | Crear | Villager (Male) |
| 19:57 | Crear | Villager (Male) |
| 19:57 | Crear | Villager (Male) |
| 20:03 | Crear | Villager (Male) |
| 20:03 | Crear | Villager (Male) |
| 20:13 | Crear | Villager (Male) |
| 20:16 | Crear | Villager (Male) |
| 20:17 | Crear | Villager (Male) |
| 20:43 | Crear | Villager (Male) |
| 20:49 | Investigar | Hand Cart |
| 20:49 | Investigar | Hand Cart |
| 20:53 | Crear | Villager (Male) |
| 20:57 | Construir | Farm |
| 20:58 | Construir | Farm |
| 21:01 | Construir | Farm |
| 21:02 | Construir | Farm |
| 21:03 | Construir | Farm |
Build order — im28102659
Primeras 150 de 604 acciones detectadas
| 0:01 | Crear | Villager (Male) |
| 0:02 | Crear | Villager (Male) |
| 0:02 | Crear | Villager (Male) |
| 0:02 | Crear | Villager (Male) |
| 0:04 | Crear | Villager (Male) |
| 0:04 | Crear | Villager (Male) |
| 0:06 | Construir | House |
| 0:06 | Crear | Villager (Male) |
| 0:22 | Construir | Lumber Camp |
| 0:23 | Crear | Villager (Male) |
| 0:23 | Crear | Villager (Male) |
| 0:23 | Crear | Villager (Male) |
| 0:29 | Construir | Mill |
| 1:32 | Crear | Villager (Male) |
| 1:32 | Crear | Villager (Male) |
| 1:32 | Crear | Villager (Male) |
| 2:05 | Crear | Villager (Male) |
| 2:05 | Crear | Villager (Male) |
| 2:19 | Crear | Villager (Male) |
| 2:20 | Crear | Villager (Male) |
| 2:47 | Crear | Villager (Male) |
| 2:54 | Crear | Villager (Male) |
| 3:02 | Crear | Villager (Male) |
| 3:06 | Crear | Villager (Male) |
| 3:15 | Crear | Villager (Male) |
| 3:16 | Crear | Villager (Male) |
| 4:20 | Crear | Villager (Male) |
| 4:46 | Construir | Farm |
| 4:48 | Construir | Farm |
| 4:50 | Construir | Farm |
| 4:53 | Construir | Farm |
| 5:07 | Investigar | Feudal Age |
| 5:37 | Construir | Palisade Wall |
| 5:39 | Construir | Palisade Wall |
| 5:39 | Construir | Palisade Wall |
| 5:52 | Construir | Farm |
| 7:37 | Edad | Edad Feudal |
| 7:40 | Investigar | Wheelbarrow |
| 7:45 | Construir | Market |
| 7:52 | Construir | Blacksmith |
| 8:10 | Construir | Mining Camp |
| 8:20 | Construir | Palisade Wall |
| 8:21 | Construir | Palisade Wall |
| 8:26 | Investigar | Double-Bit Axe |
| 8:31 | Investigar | Horse Collar |
| 9:07 | Investigar | Castle Age |
| 10:04 | Construir | Stone Wall |
| 10:07 | Construir | Stone Wall |
| 10:07 | Construir | Stone Wall |
| 10:38 | Crear | Villager (Male) |
| 10:38 | Crear | Villager (Male) |
| 10:48 | Construir | House |
| 11:06 | Construir | Stone Wall |
| 11:09 | Crear | Villager (Male) |
| 11:47 | Edad | Edad de los Castillos |
| 11:51 | Construir | Town Center |
| 11:54 | Crear | Villager (Male) |
| 11:54 | Crear | Villager (Male) |
| 11:55 | Crear | Villager (Male) |
| 12:02 | Construir | Town Center |
| 12:26 | Investigar | Bow Saw |
| 12:48 | Crear | Villager (Male) |
| 13:01 | Crear | Villager (Male) |
| 13:01 | Crear | Villager (Male) |
| 13:02 | Crear | Villager (Male) |
| 13:05 | Crear | Villager (Male) |
| 13:20 | Construir | House |
| 13:20 | Construir | House |
| 13:24 | Crear | Samurai |
| 13:27 | Crear | Villager (Male) |
| 13:28 | Crear | Villager (Male) |
| 13:41 | Construir | Mill |
| 13:49 | Crear | Villager (Male) |
| 13:54 | Construir | Farm |
| 13:56 | Construir | Farm |
| 13:59 | Construir | Farm |
| 14:05 | Construir | Farm |
| 14:09 | Crear | Villager (Male) |
| 14:14 | Crear | Villager (Male) |
| 14:17 | Construir | Farm |
| 14:18 | Crear | Villager (Male) |
| 14:21 | Construir | Farm |
| 14:22 | Construir | Farm |
| 14:31 | Construir | Farm |
| 14:32 | Crear | Villager (Male) |
| 14:44 | Construir | House |
| 14:46 | Construir | House |
| 14:50 | Crear | Samurai |
| 15:02 | Crear | Villager (Male) |
| 15:14 | Crear | Samurai |
| 15:30 | Crear | Villager (Male) |
| 15:36 | Construir | Farm |
| 15:47 | Crear | Villager (Male) |
| 15:47 | Crear | Villager (Male) |
| 15:52 | Construir | House |
| 16:00 | Crear | Villager (Male) |
| 16:04 | Crear | Samurai |
| 16:09 | Crear | Villager (Male) |
| 16:12 | Crear | Villager (Male) |
| 16:15 | Crear | Samurai |
| 16:17 | Crear | Villager (Male) |
| 16:23 | Construir | Farm |
| 16:25 | Construir | Farm |
| 16:34 | Construir | House |
| 16:38 | Crear | Samurai |
| 17:03 | Crear | Petard |
| 17:03 | Crear | Petard |
| 17:06 | Crear | Villager (Male) |
| 17:06 | Crear | Villager (Male) |
| 17:08 | Construir | House |
| 17:11 | Crear | Villager (Male) |
| 17:26 | Construir | Farm |
| 17:29 | Construir | Farm |
| 17:31 | Crear | Villager (Male) |
| 17:37 | Crear | Petard |
| 17:49 | Crear | Samurai |
| 17:50 | Crear | Samurai |
| 17:51 | Investigar | Forging |
| 17:51 | Crear | Villager (Male) |
| 17:52 | Crear | Villager (Male) |
| 18:43 | Crear | Petard |
| 18:43 | Crear | Petard |
| 19:13 | Crear | Samurai |
| 19:14 | Crear | Samurai |
| 19:14 | Crear | Samurai |
| 19:40 | Investigar | Scale Mail Armor |
| 19:41 | Investigar | Iron Casting |
| 19:41 | Crear | Villager (Male) |
| 19:42 | Crear | Villager (Male) |
| 19:42 | Crear | Villager (Male) |
| 19:42 | Crear | Villager (Male) |
| 19:49 | Construir | Town Center |
| 19:49 | Crear | Villager (Male) |
| 20:04 | Crear | Samurai |
| 20:05 | Crear | Samurai |
| 20:10 | Construir | Farm |
| 20:11 | Construir | Farm |
| 20:14 | Construir | Farm |
| 20:19 | Construir | Farm |
| 20:21 | Crear | Villager (Male) |
| 20:21 | Crear | Villager (Male) |
| 20:32 | Crear | Villager (Male) |
| 20:32 | Crear | Villager (Male) |
| 20:37 | Construir | House |
| 21:15 | Construir | Siege Workshop |
| 21:26 | Crear | Samurai |
| 21:26 | Crear | Samurai |
| 21:28 | Investigar | Chain Mail Armor |
| 21:28 | Crear | Villager (Male) |
| 21:29 | Crear | Villager (Male) |
Cronología de la partida
| 0:39 | Nick Z · wall_segment Palisade Wall x15 |
| 1:21 | Fahrender Ritter · wall_segment Palisade Wall x11 |
| 1:34 | Fahrender Ritter · wall_segment Palisade Wall x1 |
| 1:35 | Rye Dawg · wall_segment Palisade Wall x3 |
| 1:36 | Fahrender Ritter · wall_segment Palisade Wall x1 |
| 1:38 | Rye Dawg · wall_segment Palisade Wall x1 |
| 1:59 | Nick Z · wall_segment Palisade Wall x11 |
| 2:13 | challenger2229 · wall_segment Palisade Wall x9 |
| 5:37 | im28102659 · wall_segment Palisade Wall x5 |
| 5:39 | im28102659 · wall_segment Palisade Wall x4 |
| 5:39 | im28102659 · wall_segment Palisade Wall x1 |
| 6:02 | Red Alenke · age_up feudal |
| 6:48 | Rye Dawg · age_up feudal |
| 6:53 | 賀翔 · age_up feudal |
| 7:36 | blueblur22 · age_up feudal |
| 7:37 | im28102659 · age_up feudal |
| 7:41 | Fahrender Ritter · age_up feudal |
| 7:50 | Fahrender Ritter · wall_segment Stone Wall x12 |
| 8:03 | Nick Z · age_up feudal |
| 8:20 | im28102659 · wall_segment Palisade Wall x10 |
| 8:21 | im28102659 · wall_segment Palisade Wall x1 |
| 8:23 | Rye Dawg · wall_segment Stone Wall x11 |
| 8:52 | challenger2229 · age_up feudal |
| 8:54 | im28102659 · first_market_sell 100 stone |
| 9:32 | Nick Z · wall_segment Stone Wall x2 |
| 9:42 | Nick Z · wall_segment Stone Wall x16 |
| 10:04 | im28102659 · wall_segment Stone Wall x5 |
| 10:07 | im28102659 · wall_segment Stone Wall x6 |
| 10:07 | im28102659 · wall_segment Stone Wall x1 |
| 10:46 | Rye Dawg · wall_segment Stone Wall x5 |
| 10:47 | Rye Dawg · age_up castle |
| 10:47 | Rye Dawg · wall_segment Stone Wall x6 |
| 10:49 | 賀翔 · age_up castle |
| 10:52 | Rye Dawg · wall_segment Stone Wall x2 |
| 10:59 | Red Alenke · age_up castle |
| 11:06 | im28102659 · wall_segment Stone Wall x1 |
| 11:47 | im28102659 · age_up castle |
| 12:05 | Red Alenke · first_market_buy 100 stone |
| 12:33 | Nick Z · age_up castle |
| 12:57 | Fahrender Ritter · age_up castle |
| 13:25 | Fahrender Ritter · first_building Monastery |
| 14:04 | challenger2229 · first_market_buy 100 food |
| 14:53 | blueblur22 · age_up castle |
| 16:45 | challenger2229 · age_up castle |
| 16:54 | Nick Z · first_market_buy 100 food |
| 17:11 | Nick Z · first_building Castle |
| 17:43 | Rye Dawg · wall_segment Stone Wall x5 |
| 17:58 | Red Alenke · first_building Monastery |
| 18:56 | Nick Z · first_building Monastery |
| 18:57 | Fahrender Ritter · wall_segment Stone Wall x5 |
| 18:59 | Fahrender Ritter · wall_segment Stone Wall x12 |
| 19:05 | Rye Dawg · wall_segment Stone Wall x1 |
| 19:20 | Rye Dawg · wall_segment Stone Wall x3 |
| 19:56 | challenger2229 · first_building Barracks |
| 20:41 | Fahrender Ritter · wall_segment Stone Wall x10 |
| 20:55 | challenger2229 · first_building Archery Range |
| 20:56 | Fahrender Ritter · first_building Barracks |
| 21:15 | im28102659 · first_building Siege Workshop |
| 21:20 | Red Alenke · first_building Castle |
| 21:21 | challenger2229 · wall_segment Stone Wall x1 |
| 21:29 | blueblur22 · first_building Barracks |
| 21:51 | challenger2229 · wall_segment Stone Wall x1 |
| 22:28 | Fahrender Ritter · first_building Archery Range |
| 22:48 | Fahrender Ritter · first_building Stable |
| 23:11 | Red Alenke · first_building Barracks |
| 23:12 | Nick Z · first_building Barracks |
| 23:13 | Rye Dawg · wall_segment Stone Wall x3 |
| 23:19 | im28102659 · first_market_buy 100 wood |
| 23:39 | 賀翔 · first_building Castle |
| 24:23 | Rye Dawg · wall_segment Stone Wall x5 |
| 25:07 | Rye Dawg · first_market_buy 100 food |
| 25:15 | 賀翔 · first_building Siege Workshop |
| 25:31 | Rye Dawg · first_building Barracks |
| 25:42 | Fahrender Ritter · first_market_sell 100 food |
| 25:43 | challenger2229 · first_building Monastery |
| 26:00 | blueblur22 · first_building Siege Workshop |
| 26:22 | Rye Dawg · first_building Castle |
| 26:26 | Red Alenke · first_building Stable |
| 26:39 | Rye Dawg · wall_segment Stone Wall x7 |
| 27:36 | challenger2229 · age_up imperial |
| 27:42 | 賀翔 · age_up imperial |
| 27:48 | Red Alenke · age_up imperial |
| 27:53 | Rye Dawg · wall_segment Stone Wall x1 |
| 28:40 | im28102659 · first_building Castle |
| 28:54 | Fahrender Ritter · age_up imperial |
| 28:58 | Rye Dawg · age_up imperial |
| 29:10 | Nick Z · age_up imperial |
| 30:37 | challenger2229 · first_building Castle |
| 30:37 | Rye Dawg · first_building Stable |
| 30:40 | Rye Dawg · first_building Archery Range |
| 31:10 | im28102659 · age_up imperial |
| 31:49 | 賀翔 · first_building Stable |
| 32:26 | Rye Dawg · first_building Monastery |
| 32:59 | Nick Z · first_building Archery Range |
| 33:18 | blueblur22 · age_up imperial |
| 33:34 | Fahrender Ritter · wall_segment Stone Wall x11 |
| 33:42 | Rye Dawg · first_building Siege Workshop |
| 34:44 | blueblur22 · first_market_sell 100 wood |
| 38:15 | Nick Z · first_market_sell 500 wood |
| 38:29 | challenger2229 · first_building Siege Workshop |
| 39:14 | im28102659 · first_building Barracks |
| 39:28 | challenger2229 · tribute_sent a jugador 1 |
| 39:28 | challenger2229 · tribute_sent a jugador 2 |
| 39:28 | challenger2229 · tribute_sent a jugador 4 |
| 39:28 | challenger2229 · tribute_sent a jugador 5 |
| 39:28 | challenger2229 · tribute_sent a jugador 6 |
| 39:28 | challenger2229 · tribute_sent a jugador 7 |
| 39:28 | challenger2229 · tribute_sent a jugador 8 |
| 39:37 | 賀翔 · first_market_sell 100 wood |
| 40:52 | Red Alenke · first_building Siege Workshop |
| 42:12 | blueblur22 · first_building Stable |
| 42:58 | im28102659 · first_building Stable |
| 44:59 | blueblur22 · tribute_sent a jugador 1 |
| 44:59 | blueblur22 · tribute_sent a jugador 2 |
| 44:59 | blueblur22 · tribute_sent a jugador 3 |
| 44:59 | blueblur22 · tribute_sent a jugador 5 |
| 44:59 | blueblur22 · tribute_sent a jugador 6 |
| 44:59 | blueblur22 · tribute_sent a jugador 7 |
| 44:59 | blueblur22 · tribute_sent a jugador 8 |
| 47:16 | blueblur22 · tribute_sent a jugador 1 |
| 47:16 | blueblur22 · tribute_sent a jugador 2 |
| 47:16 | blueblur22 · tribute_sent a jugador 3 |
| 47:16 | blueblur22 · tribute_sent a jugador 5 |
| 47:16 | blueblur22 · tribute_sent a jugador 6 |
| 47:16 | blueblur22 · tribute_sent a jugador 7 |
| 47:16 | blueblur22 · tribute_sent a jugador 8 |
| 47:38 | Nick Z · first_building Siege Workshop |
| 48:02 | Rye Dawg · first_market_sell 100 food |
| 49:02 | Fahrender Ritter · tribute_sent a jugador 1 |
| 49:02 | Fahrender Ritter · tribute_sent a jugador 3 |
| 49:02 | Fahrender Ritter · tribute_sent a jugador 4 |
| 49:02 | Fahrender Ritter · tribute_sent a jugador 5 |
| 49:03 | Fahrender Ritter · tribute_sent a jugador 6 |
| 49:03 | Fahrender Ritter · tribute_sent a jugador 7 |
| 49:03 | Fahrender Ritter · tribute_sent a jugador 8 |
| 50:05 | challenger2229 · wall_segment Stone Wall x7 |
| 52:17 | Rye Dawg · tribute_sent a jugador 2 |
| 52:17 | Rye Dawg · tribute_sent a jugador 3 |
| 52:17 | Rye Dawg · tribute_sent a jugador 4 |
| 52:17 | Rye Dawg · tribute_sent a jugador 5 |
| 52:17 | Rye Dawg · tribute_sent a jugador 6 |
| 52:17 | Rye Dawg · tribute_sent a jugador 7 |
| 52:17 | Rye Dawg · tribute_sent a jugador 8 |
| 52:20 | Fahrender Ritter · tribute_sent a jugador 1 |
| 52:20 | Fahrender Ritter · tribute_sent a jugador 3 |
| 52:20 | Fahrender Ritter · tribute_sent a jugador 4 |
| 52:20 | Fahrender Ritter · tribute_sent a jugador 5 |
| 52:20 | Fahrender Ritter · tribute_sent a jugador 6 |
| 52:20 | Fahrender Ritter · tribute_sent a jugador 7 |
| 52:20 | Fahrender Ritter · tribute_sent a jugador 8 |
| 54:44 | Fahrender Ritter · tribute_sent a jugador 1 |
| 54:44 | Fahrender Ritter · tribute_sent a jugador 3 |
| 54:44 | Fahrender Ritter · tribute_sent a jugador 4 |
| 54:44 | Fahrender Ritter · tribute_sent a jugador 5 |
| 54:44 | Fahrender Ritter · tribute_sent a jugador 6 |
| 54:44 | Fahrender Ritter · tribute_sent a jugador 7 |
| 54:44 | Fahrender Ritter · tribute_sent a jugador 8 |
| 58:57 | challenger2229 · resign |
[ ANÁLISIS IA · 1 CRÉDITO ]
¿Qué pasó realmente en esta partida?
Wolo.gg analiza cada decisión: build order, eco, micro, errores típicos por bracket. Análisis personalizado por WhatsApp o Discord en 30 segundos.
Guía civ
Godos
Perfil
Jugador #292964